 Dungeon Crawl Stone Soup version 0.31-a0-214-gb37851dbb3 (webtiles) character file.

Game seed: 5702644259320377493

5196 qw the Cleaver (level 10, -5/64 HPs)
             Began as a Gargoyle Fighter on July 1, 2023.
             Was a Believer of Okawaru.
             Slain by a wight
             ... wielding a +0 halberd
              (7 damage)
             ... on level 8 of the Dungeon.
             The game lasted 00:03:40 (6747 turns).

qw the Cleaver (Gargoyle Fighter)                   Turns: 6747, Time: 00:03:40

Health: -5/64      AC: 22    Str: 23    XL:     10   Next: 60%
Magic:  13/13      EV: 10    Int: 10    God:    Okawaru [**....]
Gold:   367        SH:  6    Dex:  9    Spells: 9/9 levels left

rFire   . . .        Y - +1 war axe (freeze)
rCold   . . .        c - +0 buckler
rNeg    + + .        f - +0 chain mail
rPois   inf          (no helmet)
rElec   +            (no cloak)
rCorr   .            e - +2 pair of gloves
SInv    .            (no boots)
Will    .....        (no amulet) Stlth
                     l - ring of positive energy
HPRegen 0.30/turn    (no ring)
MPRegen 0.13/turn

%: no passive effects
@: heroic
A: sickness immunity, AC +7, negative energy resistance 1, electricity
resistance, torment resistance 1, petrification resistance
a: Renounce Religion, Heroism


You were on level 8 of the Dungeon.
You worshipped Okawaru.
Okawaru was pleased with you.
You visited 2 branches of the dungeon, and saw 9 of its levels.

You collected 367 gold pieces.


Innate Abilities, Weirdness & Mutations

You are immune to sickness and miasma.
Your stone body is resilient. (AC +7)
You are immune to poison.
You resist negative energy. (rN+)
You are resistant to electric shocks. (rElec)
You are resistant to unholy torment.
You are immune to petrification.


   Skills:
 + Level 8.1(13.1) Fighting
 - Level 11.0(16.0) Axes
 - Level 1.5(6.5) Throwing
 - Level 5.0(10.0) Armour
 - Level 2.0(7.0) Dodging
 - Level 5.1(10.1) Shields
 - Level 4.0 Invocations


You had 9 spell levels left.
You didn't know any spells.
Your spell library was empty.

Inventory:

Hand Weapons
 k - a +3 morningstar of freezing
 Y - a +1 war axe of freezing (weapon)
Missiles
 b - a boomerang (quivered)
Armour
 c - a +0 buckler (worn)
 e - a +2 pair of gloves (worn)
 f - a +0 chain mail (worn)
Jewellery
 a - an amulet of faith
 j - an amulet of guardian spirit
 l - a ring of positive energy (left hand)
Scrolls
 h - a scroll of identify
Potions
 d - 3 potions of might
 g - a potion of resistance
 i - a potion of enlightenment
 m - a potion of curing
 n - 2 potions of magic {unknown}

Dungeon Overview and Level Annotations

Branches:
Dungeon (8/15)             Temple (1/1) D:5
   Lair: D:8-11

Altars:
Ashenzari
Cheibriados
Dithmenos
Fedhas
Gozag
Hepliaklqana
Makhleb
Nemelex Xobeh
Okawaru
Qazlal
Sif Muna
Trog
Uskayaw
Vehumet
Wu Jian
Xom
Zin


Message History

You miss something.
The wight hits you from afar with a +4 halberd.
The wight barely misses you. Something hits you but does no damage.
You barely miss something.
An orc wizard appears from thin air!
Reactivating autopickup.
The wight misses you. You block the wight's attack.
The orc wizard hits you but does no damage.
You closely miss the orc wizard.
The orc wizard is severely wounded.
You block the wight's attack. x2
The orc wizard hits you but does no damage.
You hit the orc wizard. You freeze the orc wizard.
You kill the orc wizard!
Okawaru accepts your kill.
Your surroundings seem slightly different.
Your base Dodging skill increases to level 2!
The wight barely misses you.
You see here a yak corpse.
You closely miss the wight. The wight hits you but does no damage.
The wight barely misses you.
You slash the wight!
You destroy the wight!
Okawaru accepts your kill. The wight barely misses you.
You barely miss the orc. You hit the orc. You freeze the orc.
The orc is moderately wounded.
The wight hits you from afar with a +0 halberd.
You block the orc's attack.
You slice the orc!! You freeze the orc.
You kill the orc!
Okawaru accepts your kill. The wight barely misses you.
You slash the orc! You freeze the orc.
You kill the orc!
Okawaru accepts your kill. The wight hits you but does no damage.
The wight hits you with a +0 halberd!
You die...

...........# ........#.
.........#####........#.
......................#.
.........######.......#.
........................
###.#.#.#######.......#.
#.#.#.# #.......#. #
#.#%# #.......#. #@#
#.........


#zzzz# ########.[ ....o..# #.. .........# #.. .........# ### .........#
.........# #........# You could see 4 wights and an orc.

Vanquished Creatures
  Pikel (D:5)
  A cyclops (D:7)
  Maggie (D:6)
  Grinder (D:3)
  A wyvern (D:8)
  5 yaks (D:8)
  A steam dragon (D:6)
  Menkaure (D:7)
  A water moccasin (D:5)
  A sky beast (D:6)
  4 black bears
  An ice beast (D:8)
  2 ogres
  3 phantoms (D:5)
  3 centaurs
  A kobold brigand (D:8)
  3 bullfrogs
  3 scorpions
  6 wights (D:8)
  5 jellies
  2 orc priests
  2 hounds
  3 iguanas
  A sleepcap (D:8)
  Terence (D:2)
  4 orc wizards
  2 gnolls (D:1)
  6 adders
  A shadow imp (D:7)
  2 white imps (D:7)
  A worm (D:5)
  A dart slug (D:3)
  21 orcs
  11 ball pythons
  5 bats
  3 endoplasms
  2 giant cockroaches (D:1)
  13 goblins
  18 hobgoblins
  7 jackals
  3 quokkas
  4 frilled lizards
  16 kobolds
  2 rats (D:1)
176 creatures vanquished.

Notes
Turn   | Place    | Note
-------+----------+-------------------------------------------
     0 | D:1      | qw the Gargoyle Fighter began the quest for the Orb.
     0 | D:1      | Reached XP level 1. HP: 14/14 MP: 1/1
     0 | D:1      | 0 ||| qw: Version: 0.3-a-32-g5962c71
     0 | D:1      | 0 ||| qw: Game counter: 7681
     0 | D:1      | 0 ||| qw: Melee chars always use a shield: true
     0 | D:1      | 0 ||| qw: God list: Okawaru
     0 | D:1      | 0 ||| qw: Allow faded altars: false
     0 | D:1      | 0 ||| qw: Do Orc after clearing Dungeon:15 true
     0 | D:1      | 0 ||| qw: Do second Lair branch before Depths: true
     0 | D:1      | 0 ||| qw: Lair rune preference: random
     0 | D:1      | 0 ||| qw: Goals: Normal, Zot:1-4, Slime:5, God:TSO, Crypt,
                  | Tomb, Abyss, Pan, Hells, Win
     0 | D:1      | 0 ||| PLANNING D:1-11
    61 | D:1      | Reached skill level 2 in Axes
   206 | D:1      | Reached XP level 2. HP: 17/19 MP: 2/2
   255 | D:1      | Reached skill level 3 in Axes
   267 | D:1      | Reached XP level 3. HP: 21/23 MP: 3/3
   484 | D:1      | 484 ||| Stepping ~*~*~tactically~*~*~ (hiding).
   485 | D:1      | 485 ||| Stepping ~*~*~tactically~*~*~ (hiding).
   596 | D:1      | 596 ||| DROPPING +0 club.
   780 | D:1      | 780 ||| Stepping ~*~*~tactically~*~*~ (stealth).
  1265 | D:1      | 1265 ||| UPGRADING to +1 pair of gloves.
  1270 | D:1      | 1270 ||| DROPPING ring of flight.
  1271 | D:1      | 1271 ||| READING scroll labelled LONORHO NUCEWK.
  1272 | D:1      | 1272 ||| READING 2 scrolls labelled WYPEEL METSUHI.
  1273 | D:1      | 1273 ||| READING scroll labelled MUETEQ BYZOSM.
  1374 | D:1      | 1374 ||| READING scroll labelled BIQ OXIUXEV.
  1375 | D:1      | 1375 ||| READING scroll labelled UJENER OWEEMOMMEG.
  1435 | D:2      | Noticed Terence
  1438 | D:2      | Killed Terence
  1439 | D:2      | Reached skill level 4 in Axes
  1439 | D:2      | Reached XP level 4. HP: 28/28 MP: 4/4
  1441 | D:2      | 1441 ||| DROPPING +0 whip.
  1456 | D:2      | 1456 ||| Stepping ~*~*~tactically~*~*~ (stealth).
  1458 | D:2      | 1458 ||| Stepping ~*~*~tactically~*~*~ (stealth).
  1889 | D:2      | 1889 ||| UPGRADING to amulet of guardian spirit.
  1894 | D:2      | 1894 ||| READING scroll labelled HEBOHO NAQE.
  1895 | D:2      | 1895 ||| DRINKING 2 white potions.
  1896 | D:2      | 1896 ||| READING 4 scrolls of identify.
  1896 | D:2      | 1896 ||| IDENTIFYING puce potion
  1897 | D:2      | 1897 ||| READING 3 scrolls of identify.
  1897 | D:2      | 1897 ||| IDENTIFYING viscous sapphire potion
  1898 | D:2      | 1898 ||| DROPPING potion of degeneration.
  2066 | D:3      | 2066 ||| Stepping ~*~*~tactically~*~*~ (hiding).
  2161 | D:3      | Noticed Grinder
  2183 | D:3      | Killed Grinder
  2184 | D:3      | Reached skill level 5 in Axes
  2184 | D:3      | Reached XP level 5. HP: 17/32 MP: 5/5
  2184 | D:3      | Reached XP level 6. HP: 20/37 MP: 6/6
  2727 | D:3      | 2727 ||| READING scroll labelled YRAISM TEZXI.
  2731 | D:3      | 2731 ||| READING scroll labelled WUKHLU YBUERUI.
  2732 | D:3      | 2732 ||| READING scroll labelled SISAUPPUUCS.
  2733 | D:3      | 2733 ||| READING scroll labelled HAKOSYICEU.
  2792 | D:4      | 2792 ||| Stepping ~*~*~tactically~*~*~ (stealth).
  2850 | D:4      | Noticed a black bear
  2859 | D:4      | 2859 ||| DRINKING potion of curing.
  2859 | D:4      | 2859 ||| (to cure confusion)
  2870 | D:4      | Killed a black bear
  2871 | D:4      | Reached skill level 1 in Dodging
  2871 | D:4      | Reached XP level 7. HP: 25/43 MP: 5/7
  2884 | D:4      | HP: 10/43 [something/puff of flame (10)]
  2891 | D:4      | HP: 8/43 [something (1)]
  2897 | D:4      | HP: 9/43 [something (1)]
  2899 | D:4      | HP: 4/43 [something/puff of flame (6)]
  2904 | D:4      | HP: 2/43 [something (1)]
  2906 | D:4      | Reached skill level 6 in Axes
  3302 | D:4      | 3302 ||| UPGRADING to +0 chain mail.
  3312 | D:4      | 3312 ||| DROPPING +0 scale mail.
  3313 | D:4      | 3313 ||| READING scroll labelled RIOBEBU DETHRUSS.
  3314 | D:4      | 3314 ||| DRINKING 2 brown potions.
  3315 | D:4      | 3315 ||| READING 3 scrolls of identify.
  3315 | D:4      | 3315 ||| IDENTIFYING green potion
  3316 | D:4      | 3316 ||| DROPPING potion of berserk rage.
  3498 | D:4      | 3498 ||| READING 2 scrolls of identify.
  3498 | D:4      | 3498 ||| IDENTIFYING fizzy inky potion
  3499 | D:4      | 3499 ||| DROPPING potion of ambrosia.
  3521 | D:5      | Entered Level 5 of the Dungeon
  3523 | D:5      | 3523 ||| STAIRDANCE
  3527 | D:4      | Reached skill level 7 in Axes
  3575 | D:5      | Found a staircase to the Ecumenical Temple.
  3576 | D:5      | 3576 ||| PLANNING TEMPLE
  3581 | Temple   | Entered the Ecumenical Temple
  3723 | Temple   | 3723 ||| PLANNING OKAWARU WORSHIP
  3754 | Temple   | Became a worshipper of Warmaster Okawaru
  3755 | Temple   | 3755 ||| PLANNING D:1-11
  3755 | Temple   | 3755 ||| REMOVING amulet of guardian spirit.
  3870 | D:5      | Identified the +1 robe of the Singing Gods {Dex+2}
  3925 | D:5      | 3925 ||| Stepping ~*~*~tactically~*~*~ (stealth).
  3937 | D:5      | Reached skill level 1 in Throwing
  3937 | D:5      | Reached XP level 8. HP: 44/49 MP: 8/8
  4113 | D:5      | 4113 ||| READING scroll of enchant armour.
  4113 | D:5      | 4113 ||| ENCHANTING +1 pair of gloves.
  4526 | D:5      | Reached skill level 8 in Axes
  4716 | D:5      | Noticed Pikel
  4720 | D:5      | Paralysed by Pikel for 4 turns
  4731 | D:5      | Killed Pikel
  4731 | D:5      | Reached * piety under Okawaru
  4732 | D:5      | Reached XP level 9. HP: 41/58 MP: 9/9
  4880 | D:5      | 4880 ||| READING scroll labelled VUDI ANTULESSOB.
  4881 | D:5      | 4881 ||| READING 2 scrolls of identify.
  4881 | D:5      | 4881 ||| IDENTIFYING fizzy green potion
  4908 | D:6      | 4908 ||| INVOKING Heroism.
  4939 | D:6      | Noticed Maggie
  4940 | D:6      | 4940 ||| Stepping ~*~*~tactically~*~*~ (hiding).
  4942 | D:6      | 4942 ||| Stepping ~*~*~tactically~*~*~ (hiding).
  4955 | D:6      | HP: 11/58 [Maggie/bolt of fire (20)]
  4956 | D:6      | 4956 ||| READING 2 scrolls of teleportation.
  4957 | D:6      | 4957 ||| DRINKING potion of heal wounds.
  5148 | D:6      | 5148 ||| Stepping ~*~*~tactically~*~*~ (stealth).
  5176 | D:6      | Reached skill level 1 in Invocations
  5287 | D:6      | 5287 ||| Stepping ~*~*~tactically~*~*~ (stealth).
  5290 | D:6      | 5290 ||| Stepping ~*~*~tactically~*~*~ (hiding).
  5291 | D:6      | 5291 ||| Stepping ~*~*~tactically~*~*~ (hiding).
  5298 | D:6      | 5298 ||| INVOKING Heroism.
  5301 | D:6      | Killed Maggie
  5302 | D:6      | Reached skill level 9 in Axes
  5302 | D:6      | Reached skill level 3 in Invocations
  5485 | D:6      | 5485 ||| Stepping ~*~*~tactically~*~*~ (hiding).
  5487 | D:6      | 5487 ||| Stepping ~*~*~tactically~*~*~ (hiding).
  5490 | D:6      | 5490 ||| INVOKING Heroism.
  5519 | D:6      | 5519 ||| INVOKING Heroism.
  5689 | D:6      | 5689 ||| INVOKING Heroism.
  5798 | D:6      | 5798 ||| READING scroll labelled OQABOC JUTOEPE.
  5808 | D:7      | Noticed a cyclops
  5809 | D:7      | 5809 ||| INVOKING Heroism.
  5817 | D:7      | Killed a cyclops
  5818 | D:7      | Reached XP level 10. HP: 64/64 MP: 9/12
  5893 | D:7      | Noticed Menkaure
  5894 | D:7      | 5894 ||| Stepping ~*~*~tactically~*~*~ (stealth).
  5895 | D:7      | 5895 ||| Stepping ~*~*~tactically~*~*~ (stealth).
  5897 | D:7      | 5897 ||| INVOKING Heroism.
  5898 | D:7      | 5898 ||| Stepping ~*~*~tactically~*~*~ (hiding).
  5906 | D:7      | Killed Menkaure
  5907 | D:7      | Reached skill level 10 in Axes
  6043 | D:7      | 6043 ||| Stepping ~*~*~tactically~*~*~ (hiding).
  6049 | D:7      | 6049 ||| Stepping ~*~*~tactically~*~*~ (hiding).
  6102 | D:7      | Found an opulent altar of Gozag.
  6361 | D:7      | 6361 ||| UPGRADING to ring of positive energy.
  6362 | D:7      | 6362 ||| READING scroll labelled RUILARI KEWY.
  6425 | D:8      | 6425 ||| Stepping ~*~*~tactically~*~*~ (hiding).
  6428 | D:8      | 6428 ||| Stepping ~*~*~tactically~*~*~ (hiding).
  6444 | D:8      | 6444 ||| DROPPING +0 flail.
  6537 | D:8      | 6537 ||| Stepping ~*~*~tactically~*~*~ (hiding).
  6538 | D:8      | 6538 ||| Stepping ~*~*~tactically~*~*~ (hiding).
  6544 | D:8      | 6544 ||| Stepping ~*~*~tactically~*~*~ (hiding).
  6545 | D:8      | 6545 ||| Stepping ~*~*~tactically~*~*~ (hiding).
  6564 | D:8      | Reached ** piety under Okawaru
  6577 | D:8      | 6577 ||| INVOKING Heroism.
  6630 | D:8      | 6630 ||| INVOKING Heroism.
  6685 | D:8      | 6685 ||| Stepping ~*~*~tactically~*~*~ (stealth).
  6687 | D:8      | 6687 ||| Stepping ~*~*~tactically~*~*~ (stealth).
  6689 | D:8      | 6689 ||| Stepping ~*~*~tactically~*~*~ (hiding).
  6725 | D:8      | 6725 ||| INVOKING Heroism.
  6731 | D:8      | HP: 13/64 [wight/+4 halberd (5)]
  6732 | D:8      | Reached skill level 11 in Axes
  6732 | D:8      | 6732 ||| READING scroll of teleportation.
  6732 | D:8      | HP: 6/64 [something (1)]
  6735 | D:8      | HP: 2/64 [wight/+4 halberd (5)]
  6744 | D:8      | HP: 1/64 [wight/+0 halberd (3)]
  6747 | D:8      | Slain by a wight

Levels and vault maps discovered:
D:1:      sevenhm_arrival_forest_fort_small_5, layout_basic, minivault_5,
          st_stairs_12
D:2:      layout_basic, uniq_terence
D:3:      layout_basic, uniq_grinder
D:4:      minmay_chambers_of_fours, layout_rooms, abandoned_shop
D:5:      corexii_shantytown, layout_rooms, temple_green,
          minmay_misc_feat_columns, chequers_serial_rivers_large_a,
          kennysheep_small_spiral, amethyst_killhole, uniq_pikel
D:6:      layout_basic, uniq_maggie
D:7:      layout_rooms, grunt_gozag_statues, uniq_menkaure
D:8:      layout_basic, kennysheep_generic_room_16
Temple:   nicolae_temple_slightly_damp_pantheon

Skill      XL: |  1  2  3  4  5  6  7  8  9 10 |
---------------+-------------------------------+-----
Axes           | 2 3 4 5 7 8 9 11 | 11.0
Fighting       | 4 5 7 8 |  8.1
Dodging        | 1 2 |  2.0
Throwing       | 1 |  1.5
Invocations    | 3 4 |  4.0
Armour         | 4 5 |  5.0
Shields        | 4 5 |  5.1

Action                     |  1- 3 |  4- 6 |  7- 9 | 10-12 || total
---------------------------+-------+-------+-------+-------++-------
  Melee: War axe           |   103 |   113 |   239 |   140 ||   595
  Throw: Boomerang         |       |       |    62 |    16 ||    78
 Invoke: Heroism           |       |       |     6 |     4 ||    10
    Use: Scroll            |     5 |     7 |     8 |     2 ||    22
         Potion            |       |     2 |     2 |       ||     4
 Armour: Scale mail        |    57 |    81 |    26 |       ||   164
         Chain mail        |       |       |   125 |    77 ||   202
  Dodge: Dodged            |    47 |    71 |    87 |    55 ||   260
  Block: Buckler           |    23 |    16 |    29 |    26 ||    94

Table legend:
 A = Non-vault XP
 B = Vault XP
 C = Vault XP percentage of total XP
 D = Non-vault monster count
 E = Vault monster count
 F = Vault count percentage of total count
                 A         B        C        D         E       F
            +---------+---------+-------+---------+---------+-------
      Total |    5513 |    1911 |  25.7 |     130 |      46 |  26.1
            +---------+---------+-------+---------+---------+-------
        D:1 |      80 |       1 |   1.2 |      32 |       1 |   3.0
        D:2 |      18 |      36 |  66.7 |      11 |       1 |   8.3
        D:3 |      36 |     277 |  88.5 |      12 |       1 |   7.7
        D:4 |     422 |     141 |  25.0 |      12 |       6 |  33.3
        D:5 |     753 |     744 |  49.7 |       9 |      32 |  78.0
        D:6 |    1175 |     395 |  25.2 |      18 |       1 |   5.3
        D:7 |    1021 |     172 |  14.4 |      13 |       1 |   7.1
        D:8 |    2008 |     145 |   6.7 |      23 |       3 |  11.5
            +---------+---------+-------+---------+---------+-------
